 Dungeon Crawl Stone Soup version 0.20-a0-1040-gfd09691 (webtiles) character file.

98 Gorglomux the Cudgeler (level 5, 0/41 HPs)
             Began as a Formicid Warper on Apr 23, 2017.
             Succumbed to a scorpion's poison
             ... on level 4 of the Dungeon.
             The game lasted 00:03:28 (1731 turns).

Gorglomux the Cudgeler (Formicid Warper)            Turns: 1731, Time: 00:03:29

Health: 0/41       AC:  3    Str: 15    XL:     5   Next: 0%
Magic:  8/8        EV: 11    Int: 14    God:
Gold:   72         SH:  0    Dex: 10    Spells: 8/8 levels left

rFire    . . .     SeeInvis +   a - +0 mace
rCold    . . .     Gourm    .   (no shield)
rNeg     . . .     Faith    .   b - +0 leather armour
rPois    .         Spirit   .   (helmet unavailable)
rElec    .         Reflect  .   (no cloak)
rCorr    .         Harm     .   (no gloves)
MR       .....                  (no boots)
Stlth    +.........             (no amulet)
Regen    0.2/turn               (no ring)
MPRegen  0.2/turn               (no ring)

@: lethally poisoned (0 -> -13), starving
A: permanent stasis, dig shafts and tunnels, four strong arms, antennae 3
a: Dig, Shaft Self


You were on level 4 of the Dungeon.
You were starving.

You visited 1 branch of the dungeon, and saw 3 of its levels.

You collected 72 gold pieces.

Inventory:

Hand Weapons
 a - a +0 mace (weapon)
Missiles
 e - 3 tomahawks of dispersal {=f}
 g - 40 stones (quivered)
Armour
 b - a +0 leather armour (worn)
Scrolls
 d - a scroll of blinking {!r}
 h - 3 scrolls of identify {unknown}
 i - a scroll of remove curse {unknown}
 j - a scroll of teleportation {unknown}
 k - a scroll of random uselessness {unknown}
 o - a scroll of fear {unknown}
Books
 c - a book of Spatial Translocations
Comestibles
 f - 2 bread rations {@e1@e1}
 l - a royal jelly
 m - 2 meat rations {@e2@e2}


   Skills:
 + Level 3.4 Fighting
 * Level 4.0 Maces & Flails
 - Level 1.0 Throwing
 - Level 1.1 Armour
 - Level 1.7 Dodging
 - Level 2.1 Spellcasting
   Level 2.6 Translocations


You had 8 spell levels left.
You didn't know any spells.

Dungeon Overview and Level Annotations

Branches:
Dungeon (2/15)

Altars:
Nemelex Xobeh


Innate Abilities, Weirdness & Mutations

You cannot be hasted, slowed, berserked, paralysed or teleported.
You can dig through walls and to a lower floor.
Your four strong arms can wield two-handed weapons with a shield.
You have a pair of large antennae on your head. (SInv)


Message History

You throw a stone. The stone hits the adder.
The adder hisses angrily.
Aim: an adder (lightly wounded)
You throw a stone. The stone closely misses the adder.
Aim: an adder (lightly wounded)
You throw a stone. The stone misses the adder.
The adder bites you but does no damage.
You closely miss the adder. The adder bites you but does no damage.
You thump the adder! The adder barely misses you. The adder bites you.
You take 3 damage, and have 25/28 hp.
You hit the adder.
You kill the adder!
Your Fighting skill increases to level 3!
You have reached level 4!
You feel clever.
You regained 7 hp, and now have 32/35 hp.
MP restored: 7
g - 44 stones (gained 1)
m - 2 meat rations {@e2@e2} (gained 1)
A scorpion comes into view.
A scorpion is nearby!
A scorpion is nearby!
Aim: a scorpion You throw a stone.
The stone hits the scorpion.
Aim: a scorpion (lightly wounded)
You throw a stone. The stone barely misses the scorpion.
Aim: a scorpion (lightly wounded)
You throw a stone.
The stone hits the scorpion but does no damage.
Aim: a scorpion (lightly wounded)
You throw a stone.
The stone hits the scorpion but does no damage.
You hit the scorpion but do no damage. The scorpion barely misses you.
Health restored: 35 You closely miss the scorpion.
The scorpion stings you but does no damage.
You completely miss the scorpion. The scorpion barely misses you.
You hit the scorpion but do no damage. The scorpion stings you.
You are poisoned.
The scorpion poisons you! The scorpion barely misses you.
You take 6 damage, and have 29/35 hp.
You barely miss the scorpion.
You feel sick. The scorpion closely misses you.
Unknown command.
You take 1 damage, and have 28/35 hp.
You hit the scorpion.
You feel sick. The scorpion stings you.
You take 4 damage, and have 24/35 hp.
You hit the scorpion but do no damage.
You feel sick. The scorpion stings you.
Unknown command.
You take 7 damage, and have 17/35 hp.
You are too injured to fight recklessly!
You hit the scorpion.
You feel sick. The scorpion closely misses you.
The scorpion stings you but does no damage.
Unknown command.
You are too injured to fight recklessly!
You hit the scorpion. The scorpion barely misses you.
Unknown command.
You closely miss the scorpion.
You feel sick. The scorpion closely misses you.
You are too injured to fight recklessly!
You take 1 damage, and have 16/35 hp.
Unknown command.
You hit the scorpion but do no damage. The scorpion stings you.
You are lethally poisoned!
The scorpion poisons you!
You take 5 damage, and have 11/35 hp.
You hit the scorpion.
* * * LOW HITPOINT WARNING * * *
You feel sick.
The scorpion stings you but does no damage.
You are too injured to fight recklessly!
You take 2 damage, and have 9/35 hp.
Unknown command.
You barely miss the scorpion.
* * * LOW HITPOINT WARNING * * *
You feel sick. The scorpion stings you.
* * * LOW HITPOINT WARNING * * *
The scorpion stings you.
* * * LOW HITPOINT WARNING * * *
You are more poisoned.
The scorpion poisons you!
You take 5 damage, and have 4/35 hp.
You hit the scorpion.
You kill the scorpion!
Your Maces & Flails skill increases to level 4!
You have reached level 5!
* * * LOW HITPOINT WARNING * * *
You feel sick.
MP restored: 8
* * * LOW HITPOINT WARNING * * *
You feel sick.
You see here a scorpion corpse.
You take 2 damage, and have 2/41 hp.
Unknown command.
* * * LOW HITPOINT WARNING * * *
You feel sick.
You take 1 damage, and have 1/41 hp.
You aren't carrying any potions.
Unknown command.
Are you sure you want to shaft yourself?
You are starving!
You die...

#(......# {
#...[...# #.......#
#(......# #(......+
#.......#
#####(......+..
#..................
#....@.####....#...
#....†.# #.##.#
#......# #.# ##
#......# #.#
#......# #.#
#......# #.#
#......# #......#
#......#


There were no monsters in sight!

Vanquished Creatures
  A scorpion (D:4)
  2 adders
  2 dart slugs (D:1)
  2 leopard geckos (D:1)
  2 hobgoblins (D:1)
  2 jackals (D:1)
  A quokka (D:2)
  5 bats (D:1)
  A frilled lizard (D:1)
  2 goblins (D:1)
  6 kobolds
  4 rats (D:1)
30 creatures vanquished.

Notes
Turn   | Place    | Note
-------+----------+-------------------------------------------
     0 | D:1      | Gorglomux the Formicid Warper began the quest for the Orb.
     0 | D:1      | Reached XP level 1. HP: 16/16 MP: 3/3
   451 | D:1      | Reached XP level 2. HP: 23/23 MP: 5/5
   839 | D:1      | Reached XP level 3. HP: 28/28 MP: 6/6
  1029 | D:1      | Found a sparkling altar of Nemelex Xobeh.
  1059 | D:1      | Reached skill level 3 in Maces & Flails
  1471 | D:2      | HP: 7/28 [adder (5)]
  1478 | D:2      | You fall through a shaft for 2 floors!
  1688 | D:4      | Reached skill level 3 in Fighting
  1688 | D:4      | Reached XP level 4. HP: 31/35 MP: 7/7
  1727 | D:4      | HP: 8/35 [poisoned by a scorpion]
  1728 | D:4      | Reached skill level 4 in Maces & Flails
  1728 | D:4      | Reached XP level 5. HP: 5/41 MP: 8/8
  1729 | D:4      | HP: 2/41 [poisoned by a scorpion]
  1731 | D:4      | Succumbed to a scorpion's poison

Vault maps used:
D:1:      dpeg_arrival_three_bigger_balls, moated_statue, minmay_misc_feat_iff,
          nemelex_altar_shiori
D:2:      old_standard_altar, chequers_ecumenical_altar_lobes
D:4:      nicolae_overflow_hidden_temple, minmay_temple_entry_from_below_a

Skill      XL: |  1  2  3  4 |
---------------+-------------+-----
Maces & Flails | 3 4 |  4.0
Fighting       | 3 |  3.4
Throwing       | |  1.0
Armour         | |  1.1
Dodging        | |  1.7
Spellcasting   | |  2.1
Translocations | |  2.6

Action                   |  1- 3 |  4- 6 || total
-------------------------+-------+-------++-------
Melee: Mace              |   100 |    14 ||   114
Throw: Stone             |    64 |     4 ||    68
       Tomahawk          |     2 |       ||     2
 Abil: Dig               |     1 |       ||     1
       Shaft Self        |     1 |     1 ||     2
  Use: Potion            |     1 |       ||     1
  Eat: Chunk             |     1 |       ||     1
Armor: Leather armour    |    30 |     3 ||    33
Dodge: Dodged            |    68 |     7 ||    75

Vault maps used:
D:1:      dpeg_arrival_three_bigger_balls, moated_statue, minmay_misc_feat_iff,
          nemelex_altar_shiori
D:2:      old_standard_altar, chequers_ecumenical_altar_lobes
D:4:      nicolae_overflow_hidden_temple, minmay_temple_entry_from_below_a

Table legend:
 A = Turns spent in this place as a percentage of turns spent in the entire game.
 B = Non-inter-level travel turns spent in this place as a percentage of non-inter-level travel turns spent in the entire game.
 C = Inter-level travel turns spent in this place as a percentage of turns spent in this place.
 D = Turns resting spent in this place as a percentage of non-inter-level travel turns spent in this place.
 E = Turns spent auto-exploring this place as a percentage of non-inter-level travel turns spent in this place.
 F = Non-inter-level travel turns spent in this place divided by the number of levels of this place that you've seen.
                   A       B       C       D       E      F
               +-------+-------+-------+-------+-------+----------------------
         Total | 100.0 | 100.0 |   0.2 |   1.8 |   8.9 | 168.7
       Dungeon | 100.0 | 100.0 |   0.2 |   1.8 |   8.9 | 168.7
               +-------+-------+-------+-------+-------+----------------------

Table legend:
 A = Kills in this place as a percentage of kills in entire the game.
 B = Kills by you in this place as a percentage of kills by you in the entire game.
 C = Kills by friends in this place as a percentage of kills by friends in the entire game.
 D = Other kills in this place as a percentage of other kills in the entire game.
 E = Experience gained in this place as a percentage of experience gained in the entire game.
 F = Experience gained in this place divided by the number of levels of this place that you have seen.
                   A       B       C       D       E      F
               +-------+-------+-------+-------+-------+----------------------
         Total | 100.0 | 100.0 |  -nan |  -nan | 100.0 |  46.7
       Dungeon | 100.0 | 100.0 |  -nan |  -nan | 100.0 |  46.7
               +-------+-------+-------+-------+-------+----------------------
